[ AOE2 MATCH · #507114132 ]
UnrankedDravidians vs Bengalis
Player's team · LOSS
Rival team · WIN
[ REPLAY ANALYSIS · EXTRACTED FROM THE RECORDED GAME ]
Feudal
12:47
Castle
16:24
Imperial
35:12
| APM avg | 83.9 |
| APM peak | 148 |
| eAPM avg | 58.4 |
| Villagers / military | 261 / 298 |
Focus
⚔️ 50.2% · 🌾 49.8%
Skirmisher ×161 · Spearman ×64 · Scout Cavalry ×30 · Elephant Archer ×10 · Mangonel ×7 · Bombard Cannon ×7
Feudal
8:52
Castle
18:35
Imperial
34:27
| APM avg | 55.0 |
| APM peak | 81 |
| eAPM avg | 24.7 |
| Villagers / military | 160 / 251 |
Focus
⚔️ 37.4% · 🌾 62.6%
Scout Cavalry ×116 · Skirmisher ×76 · Elephant Archer ×32 · Archer ×11 · Monk ×9 · Trebuchet (Packed) ×4
Match map
Initial resources + every placement click. Lines = walls · curves = elevation contours. ◆ gold · ⬟ stone · ● berries · ✦ relic · ◌ wall gap
Your base· ✓ Closed at 16:24 · 34t walls · no gate
if i lose it all's base· Open — unwalled flank
Smoothed initial terrain · ◌ = detected wall gap · hover for details
Inputs per minute
— Dobbs351 - - if i lose it all
Build order — Dobbs351
First 150 of 729 actions detected
| 0:01 | Queue | Villager (Male) |
| 0:02 | Build | House |
| 0:04 | Build | House |
| 0:06 | Queue | Villager (Male) |
| 0:06 | Queue | Villager (Male) |
| 0:29 | Queue | Villager (Male) |
| 0:29 | Queue | Villager (Male) |
| 1:28 | Queue | Villager (Male) |
| 1:28 | Queue | Villager (Male) |
| 1:54 | Build | Lumber Camp |
| 2:07 | Queue | Villager (Male) |
| 2:07 | Queue | Villager (Male) |
| 2:19 | Queue | Villager (Male) |
| 2:19 | Queue | Villager (Male) |
| 2:20 | Queue | Villager (Male) |
| 2:53 | Queue | Villager (Male) |
| 2:55 | Queue | Villager (Male) |
| 3:36 | Queue | Villager (Male) |
| 4:06 | Build | House |
| 4:08 | Queue | Villager (Male) |
| 4:31 | Queue | Villager (Male) |
| 4:35 | Build | Barracks |
| 4:56 | Queue | Villager (Male) |
| 5:03 | Build | Palisade Wall |
| 5:04 | Build | Palisade Wall |
| 5:08 | Queue | Villager (Male) |
| 5:10 | Queue | Villager (Male) |
| 5:34 | Build | House |
| 5:41 | Queue | Militia |
| 5:58 | Build | Mill |
| 6:06 | Queue | Militia |
| 6:07 | Queue | Villager (Male) |
| 6:19 | Research | Loom |
| 6:24 | Build | Palisade Wall |
| 6:31 | Queue | Militia |
| 6:46 | Build | House |
| 6:48 | Build | Palisade Wall |
| 6:53 | Build | Palisade Gate |
| 6:55 | Build | Palisade Wall |
| 7:00 | Queue | Villager (Male) |
| 7:20 | Build | Palisade Wall |
| 7:25 | Queue | Villager (Male) |
| 7:32 | Build | Palisade Wall |
| 7:35 | Build | Palisade Wall |
| 7:35 | Build | Palisade Wall |
| 7:36 | Queue | Villager (Male) |
| 8:18 | Queue | Villager (Male) |
| 8:20 | Build | Mill |
| 8:57 | Queue | Villager (Male) |
| 9:06 | Queue | Villager (Male) |
| 9:12 | Queue | Villager (Male) |
| 9:19 | Build | Lumber Camp |
| 10:11 | Queue | Villager (Male) |
| 10:33 | Research | Feudal Age |
| 10:37 | Build | Mining Camp |
| 11:02 | Build | Farm |
| 11:03 | Build | Farm |
| 11:07 | Build | Farm |
| 11:32 | Queue | Villager (Male) |
| 11:32 | Queue | Villager (Male) |
| 12:22 | Build | Farm |
| 12:32 | Build | Farm |
| 12:47 | Age | Feudal Age |
| 12:48 | Build | Blacksmith |
| 12:51 | Build | Stable |
| 13:13 | Build | Farm |
| 13:35 | Build | House |
| 13:44 | Research | Castle Age |
| 14:04 | Research | Double-Bit Axe |
| 14:04 | Research | Double-Bit Axe |
| 14:33 | Research | Horse Collar |
| 14:58 | Queue | Scout Cavalry |
| 15:08 | Build | Farm |
| 15:13 | Build | Farm |
| 15:13 | Build | Farm |
| 15:13 | Build | Farm |
| 15:13 | Build | Farm |
| 15:13 | Build | Farm |
| 15:30 | Queue | Scout Cavalry |
| 15:40 | Build | Farm |
| 15:42 | Build | Farm |
| 15:45 | Build | Farm |
| 15:46 | Build | Farm |
| 15:50 | Build | Farm |
| 15:54 | Queue | Scout Cavalry |
| 16:07 | Queue | Villager (Male) |
| 16:24 | Age | Castle Age |
| 16:26 | Build | Town Center |
| 16:29 | Build | Monastery |
| 16:48 | Queue | Villager (Male) |
| 16:59 | Build | Farm |
| 17:08 | Queue | Monk |
| 17:16 | Queue | Villager (Male) |
| 17:20 | Build | House |
| 17:22 | Research | Wheelbarrow |
| 17:22 | Research | Wheelbarrow |
| 17:43 | Build | Town Center |
| 17:50 | Queue | Villager (Male) |
| 17:59 | Build | Siege Workshop |
| 18:00 | Queue | Villager (Male) |
| 18:05 | Queue | Villager (Male) |
| 18:18 | Queue | Monk |
| 18:20 | Queue | Villager (Male) |
| 18:22 | Build | Farm |
| 18:23 | Queue | Villager (Male) |
| 18:32 | Build | House |
| 18:33 | Queue | Villager (Male) |
| 18:39 | Queue | Mangonel |
| 18:41 | Queue | Villager (Male) |
| 18:56 | Queue | Villager (Male) |
| 19:04 | Queue | Villager (Male) |
| 19:09 | Build | House |
| 19:14 | Queue | Villager (Male) |
| 19:22 | Queue | Villager (Male) |
| 19:34 | Queue | Villager (Male) |
| 19:35 | Queue | Scorpion |
| 19:44 | Queue | Villager (Male) |
| 19:54 | Queue | Villager (Male) |
| 20:07 | Queue | Villager (Male) |
| 20:10 | Queue | Villager (Male) |
| 20:14 | Build | Town Center |
| 20:15 | Queue | Villager (Male) |
| 20:17 | Build | Farm |
| 20:17 | Queue | Villager (Male) |
| 20:24 | Queue | Villager (Male) |
| 20:31 | Queue | Scorpion |
| 20:42 | Queue | Villager (Male) |
| 20:45 | Queue | Villager (Male) |
| 20:54 | Queue | Villager (Male) |
| 21:06 | Queue | Mangonel |
| 21:08 | Queue | Villager (Male) |
| 21:15 | Queue | Villager (Male) |
| 21:21 | Queue | Villager (Male) |
| 21:25 | Build | Farm |
| 21:30 | Build | Farm |
| 21:30 | Build | Farm |
| 21:31 | Build | Farm |
| 21:32 | Build | Farm |
| 21:36 | Queue | Villager (Male) |
| 21:42 | Queue | Villager (Male) |
| 21:48 | Queue | Villager (Male) |
| 21:56 | Queue | Villager (Male) |
| 22:03 | Queue | Villager (Male) |
| 22:04 | Build | Farm |
| 22:05 | Queue | Villager (Male) |
| 22:07 | Build | Farm |
| 22:10 | Build | Farm |
| 22:11 | Build | Farm |
| 22:11 | Build | Farm |
| 22:13 | Build | Farm |
Build order — if i lose it all
First 150 of 497 actions detected
| 0:00 | Queue | Villager (Male) |
| 0:01 | Build | House |
| 0:02 | Build | House |
| 0:08 | Queue | Villager (Male) |
| 0:11 | Queue | Villager (Male) |
| 0:18 | Queue | Villager (Male) |
| 1:42 | Queue | Villager (Male) |
| 1:49 | Build | Lumber Camp |
| 2:02 | Queue | Villager (Male) |
| 2:19 | Queue | Villager (Male) |
| 2:44 | Queue | Villager (Male) |
| 3:17 | Queue | Villager (Male) |
| 3:45 | Queue | Villager (Male) |
| 3:51 | Build | House |
| 3:52 | Build | House |
| 3:56 | Queue | Villager (Male) |
| 4:13 | Queue | Villager (Male) |
| 4:45 | Queue | Villager (Male) |
| 4:48 | Build | Palisade Wall |
| 5:07 | Queue | Villager (Male) |
| 5:40 | Build | Mill |
| 5:43 | Queue | Villager (Male) |
| 5:43 | Research | Loom |
| 6:35 | Research | Feudal Age |
| 6:52 | Build | Palisade Wall |
| 7:30 | Build | Palisade Wall |
| 7:35 | Build | Mining Camp |
| 7:38 | Queue | Villager (Male) |
| 7:48 | Build | Palisade Wall |
| 8:04 | Build | Palisade Wall |
| 8:06 | Build | Palisade Wall |
| 8:06 | Build | Palisade Wall |
| 8:12 | Build | House |
| 8:52 | Age | Feudal Age |
| 9:01 | Queue | Villager (Male) |
| 9:14 | Queue | Villager (Male) |
| 9:26 | Build | Palisade Wall |
| 9:33 | Build | Barracks |
| 9:41 | Queue | Villager (Male) |
| 9:50 | Queue | Villager (Male) |
| 9:51 | Build | Mill |
| 10:10 | Research | Double-Bit Axe |
| 10:32 | Build | Archery Range |
| 10:35 | Queue | Villager (Male) |
| 11:19 | Queue | Villager (Male) |
| 11:28 | Queue | Archer |
| 11:38 | Build | Farm |
| 11:39 | Build | Farm |
| 11:41 | Build | Farm |
| 11:44 | Queue | Archer |
| 11:45 | Queue | Villager (Male) |
| 11:53 | Build | Farm |
| 12:05 | Queue | Villager (Male) |
| 12:11 | Queue | Archer |
| 12:16 | Build | House |
| 12:26 | Build | House |
| 12:32 | Queue | Villager (Male) |
| 13:00 | Build | House |
| 13:07 | Queue | Villager (Male) |
| 13:18 | Queue | Villager (Male) |
| 13:25 | Build | Farm |
| 13:26 | Build | Farm |
| 13:28 | Build | Farm |
| 13:31 | Build | Farm |
| 13:35 | Queue | Archer |
| 13:39 | Build | Farm |
| 13:45 | Build | House |
| 13:59 | Build | Farm |
| 14:00 | Queue | Villager (Male) |
| 14:14 | Build | Palisade Wall |
| 14:18 | Build | Palisade Wall |
| 14:20 | Queue | Villager (Male) |
| 14:53 | Build | Blacksmith |
| 14:58 | Queue | Villager (Male) |
| 15:25 | Queue | Villager (Male) |
| 15:55 | Research | Castle Age |
| 15:57 | Queue | Archer |
| 16:15 | Research | Gold Mining |
| 16:21 | Research | Horse Collar |
| 16:33 | Research | Gold Mining |
| 16:44 | Queue | Archer |
| 16:51 | Queue | Archer |
| 16:57 | Research | Fletching |
| 17:28 | Queue | Archer |
| 18:25 | Queue | Villager (Male) |
| 18:35 | Age | Castle Age |
| 18:37 | Build | Town Center |
| 18:42 | Build | Siege Workshop |
| 18:43 | Research | Bodkin Arrow |
| 18:43 | Research | Crossbowman (upgrade) |
| 18:51 | Queue | Villager (Male) |
| 18:53 | Queue | Archer |
| 19:07 | Queue | Villager (Male) |
| 19:23 | Queue | Villager (Male) |
| 19:41 | Queue | Villager (Male) |
| 19:49 | Queue | Villager (Male) |
| 20:00 | Queue | Mangonel |
| 20:07 | Queue | Villager (Male) |
| 20:09 | Build | Farm |
| 20:11 | Build | Farm |
| 20:13 | Build | Farm |
| 20:16 | Build | House |
| 20:18 | Build | Monastery |
| 20:20 | Queue | Villager (Male) |
| 20:21 | Queue | Archer |
| 20:35 | Build | Farm |
| 20:37 | Queue | Villager (Male) |
| 20:46 | Build | House |
| 20:49 | Build | House |
| 20:52 | Queue | Villager (Male) |
| 20:55 | Research | Bow Saw |
| 21:01 | Queue | Monk |
| 21:02 | Queue | Monk |
| 21:14 | Queue | Villager (Male) |
| 21:17 | Build | Farm |
| 21:22 | Build | House |
| 21:29 | Queue | Archer |
| 21:35 | Queue | Villager (Male) |
| 21:39 | Build | Farm |
| 21:48 | Queue | Villager (Male) |
| 21:54 | Build | House |
| 22:01 | Queue | Villager (Male) |
| 22:14 | Queue | Villager (Male) |
| 22:19 | Build | Monastery |
| 22:21 | Queue | Villager (Male) |
| 22:27 | Build | House |
| 22:28 | Queue | Monk |
| 22:31 | Queue | Villager (Male) |
| 22:34 | Build | Town Center |
| 22:42 | Queue | Villager (Male) |
| 22:54 | Queue | Mangonel |
| 22:58 | Build | House |
| 22:58 | Queue | Villager (Male) |
| 23:06 | Queue | Villager (Male) |
| 23:08 | Build | Farm |
| 23:09 | Build | Farm |
| 23:22 | Queue | Villager (Male) |
| 23:23 | Queue | Villager (Male) |
| 23:29 | Queue | Villager (Male) |
| 23:42 | Build | House |
| 24:01 | Queue | Villager (Male) |
| 24:05 | Queue | Villager (Male) |
| 24:12 | Queue | Villager (Male) |
| 24:14 | Queue | Villager (Male) |
| 24:21 | Queue | Villager (Male) |
| 24:23 | Research | Redemption |
| 24:23 | Queue | Villager (Male) |
| 24:27 | Build | Mill |
| 24:28 | Build | Farm |
| 24:28 | Build | Farm |
Match timeline
| 4:35 | Dobbs351 · first_building Barracks |
| 4:48 | if i lose it all · wall_segment Palisade Wall x1 |
| 5:03 | Dobbs351 · wall_segment Palisade Wall x1 |
| 5:04 | Dobbs351 · wall_segment Palisade Wall x1 |
| 6:24 | Dobbs351 · wall_segment Palisade Wall x6 |
| 6:48 | Dobbs351 · wall_segment Palisade Wall x3 |
| 6:52 | if i lose it all · wall_segment Palisade Wall x7 |
| 6:55 | Dobbs351 · wall_segment Palisade Wall x8 |
| 7:20 | Dobbs351 · wall_segment Palisade Wall x6 |
| 7:30 | if i lose it all · wall_segment Palisade Wall x4 |
| 7:32 | Dobbs351 · wall_segment Palisade Wall x1 |
| 7:35 | Dobbs351 · wall_segment Palisade Wall x4 |
| 7:35 | Dobbs351 · wall_segment Palisade Wall x5 |
| 7:48 | if i lose it all · wall_segment Palisade Wall x1 |
| 8:04 | if i lose it all · wall_segment Palisade Wall x1 |
| 8:06 | if i lose it all · wall_segment Palisade Wall x1 |
| 8:06 | if i lose it all · wall_segment Palisade Wall x1 |
| 8:52 | if i lose it all · age_up feudal |
| 9:26 | if i lose it all · wall_segment Palisade Wall x1 |
| 9:33 | if i lose it all · first_building Barracks |
| 10:32 | if i lose it all · first_building Archery Range |
| 12:47 | Dobbs351 · age_up feudal |
| 12:51 | Dobbs351 · first_building Stable |
| 14:14 | if i lose it all · wall_segment Palisade Wall x9 |
| 14:18 | if i lose it all · wall_segment Palisade Wall x1 |
| 16:24 | Dobbs351 · age_up castle |
| 16:29 | Dobbs351 · first_building Monastery |
| 17:59 | Dobbs351 · first_building Siege Workshop |
| 18:35 | if i lose it all · age_up castle |
| 18:42 | if i lose it all · first_building Siege Workshop |
| 20:18 | if i lose it all · first_building Monastery |
| 22:50 | Dobbs351 · first_building Archery Range |
| 30:01 | Dobbs351 · wall_segment Palisade Wall x2 |
| 30:34 | Dobbs351 · first_building Castle |
| 32:57 | if i lose it all · first_building Castle |
| 34:27 | if i lose it all · age_up imperial |
| 35:12 | Dobbs351 · age_up imperial |
| 37:04 | Dobbs351 · first_market_buy 100 stone |
| 37:09 | if i lose it all · first_building Stable |
| 39:34 | Dobbs351 · first_market_sell 500 food |
| 39:36 | if i lose it all · first_market_buy 500 food |
| 44:12 | Dobbs351 · wall_segment Palisade Wall x1 |
| 46:55 | if i lose it all · first_market_sell 500 wood |
| 47:47 | Dobbs351 · wall_segment Stone Wall x4 |
| 48:27 | Dobbs351 · resign |
[ AI ANALYSIS · 1 CREDIT ]
What really happened in this match?
Wolo.gg analyzes every decision: build order, eco, micro, common mistakes by bracket. Personalized analysis on WhatsApp or Discord in 30 seconds.
Civ guide
Dravidians
Perfil
Jugador #246423